| TOP OF THE 1ST |
|
Wichita State University Shockers batting - Pitching for Washington State University Cougars : RHP Ty Misner
|
|
Pitching: RHP Ty Misner
|
|
|
Batting: RHB Bryan Palmer
|
0-0: Called Strike 0-1: Ground out 6-3 (Groundball, 6M, EV 105.6 MPH)
|
|
Batting: RHB Lucio Baratta
|
0-0: Ball 1-0: Fly out, F9 (Flyball, 89M, EV 95.0 MPH)
|
|
Batting: LHB Carlos Flores
|
0-0: Ball 1-0: Swinging Strike 1-1: Ball 2-1: Foul Ball, location: 2F 2-2: Strikes out swinging
|
| Top of the 1st over - 0 runs, 0 hits, 0 errors, 0 left on base; Wichita State University 0 - Washington State University 0 |
| BOTTOM OF THE 1ST |
|
Washington State University Cougars batting - Pitching for Wichita State University Shockers : LHP John Schroeder
|
|
Pitching: LHP John Schroeder
|
|
|
Batting: LHB David Jackson
|
0-0: Foul Ball, location: 2F 0-1: Foul Ball, location: 2F 0-2: Fly out, F7 (Flyball, 7LD, EV 96.9 MPH)
|
|
Batting: LHB Israel Ariza
|
0-0: Called Strike 0-1: Called Strike 0-2: Foul Ball, location: 2F 0-2: Ball 1-2: Ball 2-2: Foul Ball, location: 2F 2-2: Fly out, F8 (Flyball, 8LD, EV 91.2 MPH)
|
|
Batting: SHB Juan Delanoval
|
0-0: Fly out, F9 (Flyball, 9LM, EV 93.1 MPH)
|
| Bottom of the 1st over - 0 runs, 0 hits, 0 errors, 0 left on base; Wichita State University 0 - Washington State University 0 |
| TOP OF THE 2ND |
|
Wichita State University Shockers batting - Pitching for Washington State University Cougars : RHP Ty Misner
|
|
Batting: RHB Byron Whitehead
|
0-0: Called Strike 0-1: Foul Ball, location: 2F 0-2: Ball 1-2: Fly out, F8 (Flyball, 8LM, EV 83.1 MPH)
|
|
Batting: LHB Troy Davies
|
0-0: Swinging Strike 0-1: Ball 1-1: Ground out U3 (Groundball, 34S, EV 85.6 MPH)
|
|
Batting: RHB Marvin Coffey
|
0-0: Called Strike 0-1: Ball 1-1: Ball 2-1: Swinging Strike 2-2: Foul Ball, location: 2F 2-2: Strikes out swinging, 2-3 out at first.
|
| Top of the 2nd over - 0 runs, 0 hits, 0 errors, 0 left on base; Wichita State University 0 - Washington State University 0 |
| BOTTOM OF THE 2ND |
|
Washington State University Cougars batting - Pitching for Wichita State University Shockers : LHP John Schroeder
|
|
Batting: RHB Mas Langat
|
0-0: Foul Ball, location: 2F 0-1: Ball 1-1: TRIPLE (Flyball, 7D, EV 98.8 MPH)
|
|
Batting: LHB Scott Spillers
|
0-0: Called Strike 0-1: Ball 1-1: SINGLE (Line Drive, 7LS, EV 108.8 MPH) Mas Langat scores
|
|
Batting: RHB Wil Gonzales
|
0-0: Ball 1-0: Called Strike 1-1: 2-RUN HOME RUN (Flyball, 7D, EV 96.9 MPH), Distance : 382 ft
|
|
Batting: RHB Ryan Toth
|
0-0: Ball 1-0: Foul Ball, location: 2F 1-1: Called Strike 1-2: Ball 2-2: Strikes out swinging
|
|
Batting: RHB Ron Essink
|
0-0: Called Strike 0-1: Ball 1-1: Foul Ball, location: 2F 1-2: Ball 2-2: Fly out, F9 (Line Drive, 9, EV 90.6 MPH)
|
|
Batting: RHB Joe Weber
|
0-0: Called Strike 0-1: Swinging Strike 0-2: Ball 1-2: Foul Ball, location: 2F 1-2: Strikes out looking
|
| Bottom of the 2nd over - 3 runs, 3 hits, 0 errors, 0 left on base; Wichita State University 0 - Washington State University 3 |
| TOP OF THE 3RD |
|
Wichita State University Shockers batting - Pitching for Washington State University Cougars : RHP Ty Misner
|
|
Batting: LHB Kyle Lee
|
0-0: Ball 1-0: Ground out 6-3 (Groundball, 6, EV 83.8 MPH)
|
|
Batting: RHB Kyle Gill
|
0-0: Ball 1-0: SINGLE (Groundball, 4MD, EV 95.6 MPH) (infield hit)
|
|
Batting: RHB Jeff Grant
|
0-0: Called Strike 0-1: Fly out, F9 (Flyball, 9D, EV 97.5 MPH)
|
|
Batting: RHB Bryan Palmer
|
0-0: Called Strike 0-1: Ball 1-1: Swinging Strike 1-2: Strikes out swinging
|
| Top of the 3rd over - 0 runs, 1 hit, 0 errors, 1 left on base; Wichita State University 0 - Washington State University 3 |
| BOTTOM OF THE 3RD |
|
Washington State University Cougars batting - Pitching for Wichita State University Shockers : LHP John Schroeder
|
|
Batting: LHB David Jackson
|
0-0: SINGLE (Flyball, 8RS, EV 95.6 MPH)
|
|
Batting: LHB Israel Ariza
|
0-0: Ball Wild Pitch! David Jackson to second 1-0: Ball 2-0: Foul Ball, location: 2F 2-1: Ground out 4-3 (Groundball, 4, EV 91.2 MPH) David Jackson to third
|
|
Batting: SHB Juan Delanoval
|
0-0: Ball 1-0: Fly out, F8 (Flyball, 8LS, EV 79.4 MPH)
|
|
Batting: RHB Mas Langat
|
0-0: Called Strike 0-1: Swinging Strike 0-2: SINGLE (Line Drive, 8LM, EV 97.5 MPH) David Jackson scores
|
|
Batting: LHB Scott Spillers
|
0-0: Ball 1-0: TRIPLE (Line Drive, 89XD, EV 107.5 MPH) Mas Langat scores
|
|
Batting: RHB Wil Gonzales
|
0-0: Ball 1-0: Foul Ball, location: 2F 1-1: Foul Ball, location: 2F 1-2: Foul Ball, location: 2F 1-2: Ball 2-2: 2-RUN HOME RUN (Flyball, 7D, EV 106.2 MPH), Distance : 401 ft
|
|
Pitching: RHP Paul McFarland
|
|
|
Batting: RHB Ryan Toth
|
0-0: Ball 1-0: Ball 2-0: Called Strike 2-1: Ball 3-1: Base on Balls
|
|
Batting: RHB Ron Essink
|
0-0: Called Strike 0-1: Foul Ball, location: 2F 0-2: Foul Ball, location: 2F 0-2: Foul Ball, location: 2F 0-2: Fielders Choice at 2nd, 5-4 (Groundball, 56, EV 77.5 MPH)
|
| Bottom of the 3rd over - 4 runs, 4 hits, 0 errors, 1 left on base; Wichita State University 0 - Washington State University 7 |
| TOP OF THE 4TH |
|
Wichita State University Shockers batting - Pitching for Washington State University Cougars : RHP Ty Misner
|
|
Batting: RHB Lucio Baratta
|
0-0: Foul Ball, location: 2F 0-1: Ground out 4-3 (Groundball, 4, EV 90.0 MPH)
|
|
Batting: LHB Carlos Flores
|
0-0: Ball 1-0: Foul Ball, location: 2F 1-1: Called Strike 1-2: Ball 2-2: Ball 3-2: Fly out, F7 (Flyball, 7S, EV 74.4 MPH)
|
|
Batting: RHB Byron Whitehead
|
0-0: Fly out, F4 (Line Drive, 4, EV 71.2 MPH)
|
| Top of the 4th over - 0 runs, 0 hits, 0 errors, 0 left on base; Wichita State University 0 - Washington State University 7 |
| BOTTOM OF THE 4TH |
|
Washington State University Cougars batting - Pitching for Wichita State University Shockers : RHP Paul McFarland
|
|
Batting: RHB Joe Weber
|
0-0: Fly out, F9 (Flyball, 89S, EV 80.0 MPH)
|
|
Batting: LHB David Jackson
|
0-0: Ball 1-0: Called Strike 1-1: Ball 2-1: Foul Ball, location: 2F 2-2: Foul Ball, location: 2F 2-2: SINGLE (Groundball, 4MD, EV 95.6 MPH)
|
|
Batting: LHB Israel Ariza
|
0-0: Foul Ball, location: 2F 0-1: Ball 1-1: SINGLE (Line Drive, 4D, EV 95.0 MPH) David Jackson to second Runner from 2nd tries for 3rd, SAFE, throw by CF made to third
|
|
Batting: SHB Juan Delanoval
|
0-0: Called Strike 0-1: Ball 1-1: Fly out, F9 (Flyball, 89S, EV 95.0 MPH)
|
|
Batting: RHB Mas Langat
|
0-0: Ball 1-0: Ball 2-0: Foul Ball, location: 2F 2-1: Fly out, F7 (Line Drive, 7D, EV 93.8 MPH)
|
| Bottom of the 4th over - 0 runs, 2 hits, 0 errors, 2 left on base; Wichita State University 0 - Washington State University 7 |
| TOP OF THE 5TH |
|
Wichita State University Shockers batting - Pitching for Washington State University Cougars : RHP Ty Misner
|
|
Batting: LHB Troy Davies
|
0-0: Ball 1-0: Ball 2-0: Called Strike 2-1: Fly out, F7 (Flyball, 7, EV 93.1 MPH)
|
|
Batting: RHB Marvin Coffey
|
0-0: Called Strike 0-1: Foul Ball, location: 2F 0-2: Ball 1-2: Foul Ball, location: 2F 1-2: Ball 2-2: Foul Ball, location: 2F 2-2: Foul Ball, location: 2F 2-2: SINGLE (Groundball, 6D, EV 110.6 MPH)
|
|
Batting: LHB Kyle Lee
|
0-0: Ball 1-0: Ball 2-0: Foul Ball, location: 2F 2-1: Swinging Strike 2-2: Strikes out swinging
|
|
Batting: RHB Kyle Gill
|
0-0: Ball 1-0: Called Strike 1-1: Ball 2-1: Ball 3-1: Fielders Choice at 2nd, U4 (Groundball, 4M, EV 90.0 MPH)
|
| Top of the 5th over - 0 runs, 1 hit, 0 errors, 1 left on base; Wichita State University 0 - Washington State University 7 |
| BOTTOM OF THE 5TH |
|
Washington State University Cougars batting - Pitching for Wichita State University Shockers : RHP Paul McFarland
|
|
Batting: LHB Scott Spillers
|
0-0: Ball 1-0: Foul Ball, location: 2F 1-1: Called Strike 1-2: Foul Ball, location: 2F 1-2: Ball 2-2: Strikes out swinging
|
|
Batting: RHB Wil Gonzales
|
0-0: Ball 1-0: Ball 2-0: Ball 3-0: Called Strike 3-1: Foul Ball, location: 2F 3-2: Foul Ball, location: 2F 3-2: Foul Ball, location: 2F 3-2: Foul Ball, location: 2F 3-2: Ground out 5-3 (Groundball, 56S, EV 83.1 MPH)
|
|
Batting: RHB Ryan Toth
|
0-0: Ball 1-0: Ball 2-0: SINGLE (Line Drive, 6MD, EV 106.2 MPH)
|
|
Pitching: LHP Ernesto Ruiz
|
|
|
Batting: RHB Ron Essink
|
0-0: Called Strike 0-1: Foul Ball, location: 2F 0-2: Ball 1-2: Ball 2-2: Strikes out looking
|
| Bottom of the 5th over - 0 runs, 1 hit, 0 errors, 1 left on base; Wichita State University 0 - Washington State University 7 |
| TOP OF THE 6TH |
|
Wichita State University Shockers batting - Pitching for Washington State University Cougars : RHP Ty Misner
|
|
Batting: RHB Jeff Grant
|
0-0: Foul Ball, location: 2F 0-1: Ball 1-1: Ball 2-1: Fly out, F7 (Flyball, 7S, EV 92.5 MPH)
|
|
Batting: RHB Bryan Palmer
|
0-0: Called Strike 0-1: Swinging Strike 0-2: Ball 1-2: Fly out, F8 (Flyball, 8RD, EV 90.6 MPH)
|
|
Batting: RHB Lucio Baratta
|
0-0: Called Strike 0-1: Foul Ball, location: 2F 0-2: Ball 1-2: Ball 2-2: Ball 3-2: Base on Balls
|
|
Batting: LHB Carlos Flores
|
0-0: Called Strike Lucio Baratta steals 2nd base 0-1: DOUBLE (Flyball, 89XD, EV 97.5 MPH) Lucio Baratta scores
|
|
Batting: RHB Byron Whitehead
|
0-0: Ball 1-0: SINGLE (Flyball, 9LS, EV 91.2 MPH) Carlos Flores to third Runner from 3rd tries for Home, SAFE, throw by RF to home Byron Whitehead to second
|
|
Pitching: RHP Jose Flores
|
|
|
Batting: LHB Troy Davies
|
0-0: Ball 1-0: Called Strike 1-1: Ground out 5-3 (Groundball, 5, EV 101.9 MPH)
|
| Top of the 6th over - 2 runs, 2 hits, 0 errors, 1 left on base; Wichita State University 2 - Washington State University 7 |
| BOTTOM OF THE 6TH |
|
Washington State University Cougars batting - Pitching for Wichita State University Shockers : LHP Ernesto Ruiz
|
|
Batting: RHB Joe Weber
|
0-0: Ball 1-0: Fly out, F8 (Flyball, 78D, EV 89.4 MPH)
|
|
Batting: LHB David Jackson
|
0-0: Ball 1-0: SINGLE (Line Drive, 34D, EV 98.8 MPH)
|
|
Batting: LHB Israel Ariza
|
0-0: Ball 1-0: Foul Ball, location: 2F 1-1: SINGLE (Groundball, 4D, EV 94.4 MPH) David Jackson to second Runner from 2nd tries for 3rd, SAFE, throw by CF made to third
|
|
Batting: SHB Juan Delanoval
|
0-0: Called Strike 0-1: Called Strike 0-2: Foul Ball, location: 2F 0-2: Ball 1-2: Ball 2-2: Ball 3-2: SINGLE (Line Drive, 9LS, EV 107.5 MPH) David Jackson scores Israel Ariza to second
|
|
Pitching: RHP Steve Mattes
|
|
|
Batting: RHB Mas Langat
|
0-0: SINGLE (Line Drive, 78S, EV 93.1 MPH) Israel Ariza to third Juan Delanoval to second
|
|
Batting: LHB Scott Spillers
|
0-0: Foul Ball, location: 2F 0-1: Foul Ball, location: 2F 0-2: Ball 1-2: Hit by Pitch Israel Ariza scores Juan Delanoval to third Mas Langat to second
|
|
Batting: RHB Wil Gonzales
|
0-0: Called Strike 0-1: Foul Ball, location: 2F 0-2: Ball 1-2: Foul Ball, location: 2F 1-2: Ball 2-2: Ball 3-2: Strikes out swinging
|
|
Batting: RHB Ryan Toth
|
0-0: Ball 1-0: Called Strike 1-1: Ball 2-1: SINGLE (Line Drive, 8LS, EV 86.9 MPH) Juan Delanoval scores Mas Langat to third Scott Spillers to second
|
|
Batting: RHB Ron Essink
|
0-0: Ball 1-0: Fly out, F8 (Flyball, 8LM, EV 78.1 MPH)
|
| Bottom of the 6th over - 3 runs, 5 hits, 0 errors, 3 left on base; Wichita State University 2 - Washington State University 10 |
| TOP OF THE 7TH |
|
Wichita State University Shockers batting - Pitching for Washington State University Cougars : RHP Jose Flores
|
|
Batting: RHB Marvin Coffey
|
0-0: Ground out 6-3 (Groundball, 6M, EV 100.6 MPH)
|
|
Pinch Hitting: RHB Rick McGrath
|
0-0: Called Strike 0-1: Foul Ball, location: 2F 0-2: Foul Ball, location: 2F 0-2: Strikes out looking
|
|
Batting: RHB Kyle Gill
|
0-0: Ball 1-0: Ground out 4-3 (Groundball, 34, EV 91.2 MPH)
|
| Top of the 7th over - 0 runs, 0 hits, 0 errors, 0 left on base; Wichita State University 2 - Washington State University 10 |
| BOTTOM OF THE 7TH |
|
Washington State University Cougars batting - Pitching for Wichita State University Shockers : RHP Steve Mattes
|
|
Now at 1B: Rick McGrath
|
|
|
Batting: RHB Joe Weber
|
0-0: Ball 1-0: Ball 2-0: Called Strike 2-1: Ball 3-1: Base on Balls
|
|
Pinch Hitting: RHB Miguel Paredes
|
0-0: Ball 1-0: Fly out, F4 (Popup, 4S, EV 73.1 MPH)
|
|
Batting: LHB Israel Ariza
|
0-0: Ball 1-0: Foul Ball, location: 2F 1-1: Ball 2-1: Swinging Strike 2-2: Foul Ball, location: 2F 2-2: Fly out, F8 (Flyball, 8LXD, EV 103.1 MPH)
|
|
Pitching: RHP Keith Wilder
|
|
|
Batting: SHB Juan Delanoval
|
0-0: Ball 1-0: SINGLE (Line Drive, 8RS, EV 102.5 MPH) Joe Weber to second
|
|
Batting: RHB Mas Langat
|
0-0: Called Strike 0-1: Ball 1-1: Ball 2-1: Ball 3-1: SINGLE (Line Drive, 34D, EV 100.0 MPH) Joe Weber to third Juan Delanoval to second Runner from 3rd tries for Home, SAFE, throw by RF to home
|
|
Batting: LHB Scott Spillers
|
0-0: Called Strike 0-1: Hit by Pitch Juan Delanoval to third Mas Langat to second
|
|
Batting: RHB Wil Gonzales
|
0-0: Ground out 6-3 (Groundball, 6S, EV 90.6 MPH)
|
| Bottom of the 7th over - 1 run, 2 hits, 0 errors, 3 left on base; Wichita State University 2 - Washington State University 11 |
| TOP OF THE 8TH |
|
Wichita State University Shockers batting - Pitching for Washington State University Cougars : RHP Jose Flores
|
|
Now in LF: Miguel Paredes
|
|
|
Batting: RHB Jeff Grant
|
0-0: Ball 1-0: Ball 2-0: Fly out, F8 (Line Drive, 78M, EV 91.2 MPH)
|
|
Pinch Hitting: SHB Peter Faggard
|
0-0: Swinging Strike 0-1: Called Strike 0-2: Foul Ball, location: 2F 0-2: Ball 1-2: DOUBLE (Line Drive, 78D, EV 106.9 MPH)
|
|
Batting: RHB Lucio Baratta
|
0-0: Called Strike 0-1: Ball 1-1: Foul Ball, location: 2F 1-2: Foul Ball, location: 2F 1-2: Ball Wild Pitch! Peter Faggard to third 2-2: Foul Ball, location: 2F 2-2: Strikes out looking
|
|
Pinch Hitting: RHB Jason Adelstein
|
0-0: Fly out, F8 (Flyball, 8RD, EV 90.6 MPH)
|
| Top of the 8th over - 0 runs, 1 hit, 0 errors, 1 left on base; Wichita State University 2 - Washington State University 11 |
| BOTTOM OF THE 8TH |
|
Washington State University Cougars batting - Pitching for Wichita State University Shockers : RHP Keith Wilder
|
|
Now in LF: Jason Adelstein
|
|
|
Now in RF: Peter Faggard
|
|
|
Batting: RHB Ryan Toth
|
0-0: Called Strike 0-1: Ball 1-1: DOUBLE (Flyball, 89D, EV 93.8 MPH)
|
|
Batting: RHB Ron Essink
|
0-0: Foul Ball, location: 2F 0-1: Ball 1-1: Ball 2-1: Ground out 2-3 (Groundball, 15S, EV 60.0 MPH) Ryan Toth to third
|
|
Batting: RHB Joe Weber
|
0-0: Ball 1-0: Foul Ball, location: 2F 1-1: Ball 2-1: Foul Ball, location: 2F 2-2: Ground out 5-3 (Groundball, 5, EV 109.4 MPH)
|
|
Batting: RHB Miguel Paredes
|
0-0: Called Strike 0-1: Called Strike 0-2: Ball 1-2: Foul Ball, location: 2F 1-2: Fly out, F9 (Flyball, 9D, EV 101.9 MPH)
|
| Bottom of the 8th over - 0 runs, 1 hit, 0 errors, 1 left on base; Wichita State University 2 - Washington State University 11 |
| TOP OF THE 9TH |
|
Wichita State University Shockers batting - Pitching for Washington State University Cougars : RHP Jose Flores
|
|
Batting: RHB Byron Whitehead
|
0-0: Swinging Strike 0-1: Ball 1-1: Called Strike 1-2: Ball 2-2: Ground out 4-3 (Groundball, 4, EV 100.6 MPH)
|
|
Batting: LHB Troy Davies
|
0-0: Ball 1-0: Foul Ball, location: 2F 1-1: Called Strike 1-2: Strikes out swinging
|
|
Batting: RHB Marvin Coffey
|
0-0: Fly out, F9 (Flyball, 9D, EV 103.1 MPH)
|
| Top of the 9th over - 0 runs, 0 hits, 0 errors, 0 left on base; Wichita State University 2 - Washington State University 11 |
|